Cogmind - Beta 14 @@@ ROGUE MODE // 2024.08.24 @ 10:40:38 Player: Dosh Result: Destroyed by P-80 Master with Gamma Rifle Performance ------------- Evolutions (9) 4500 Regions Visited (21) 4200 Robots Destroyed (185) 925 Value Destroyed (7951) 7951 Prototype IDs (54) 1080 Alien Tech Used (0) 0 Bonus (4453) 4453 TOTAL SCORE: 23109 Bonus ------- High Alert Combat Kills 689 Follower Combat Kills 1374 Entered Garrisons 600 Used RIF Installer 1500 Entered DSFs 500 Aligned with FarCom 300 Friendly Fire -510 Cogmind --------- Core Integrity 0/1600 Matter 235/300 Energy 11/100 System Corruption 25% Temperature Cool (8) Movement Core (200) Ox3 Location -1/Access Parts ------- > --- POWER (2) -------- (None) > --- PROPULSION (8) --- (None) > --- UTILITY (13) ----- Advanced Signal Interpreter Relay Coupler [Grunt] (21) Relay Coupler [Duelist] (20) Relay Coupler [Hunter] (19) Relay Coupler [Heavy] (10) > --- WEAPON (2) ------- Nova Cannon > --- INVENTORY (5) ---- Enhanced Nova Cannon Advanced Micro-nuke Launcher Peak State ------------ > --- POWER ------------ Fusion Compressor Light Quantum Reactor > --- PROPULSION ------- Electron Diverter Cooled Impulse Thruster Impulse Thruster Array Impulse Thruster Array Impulse Thruster Array > --- UTILITY ---------- Enhanced Optical Array Advanced Sensor Array Advanced Signal Interpreter Improved Cloaking Device Improved Utility Shielding Layered Light Armor Plating Relay Coupler [Swarmer] Relay Coupler [Grunt] Relay Coupler [Brawler] Relay Coupler [Duelist] Relay Coupler [Hunter] Relay Coupler [Hunter] Relay Coupler [Heavy] > --- WEAPON ----------- Enhanced Nova Cannon Force Lance > --- INVENTORY -------- Q-thruster Q-thruster Nova Cannon Advanced Micro-nuke Launcher Force Lance [Rating: 157] Favorites ----------- Power Antimatter Reactor Engine Light Ion Engine Power Core Light Fission Core Reactor Antimatter Reactor Propulsion Light Treads Treads Light Treads Flight Unit Impulse Thruster Array Utility Relay Coupler [Grunt] Device Improved Heat Sink Storage Cargo Storage Unit Processor Advanced Signal Interpreter Hackware Relay Coupler [Grunt] Protection Improved Medium Armor Plating Weapon Improved Medium Laser Energy Gun Improved Medium Laser Energy Cannon Compact Ion Cannon Ballistic Gun Light Assault Rifle Ballistic Cannon Improved Light Cannon Launcher Precision Rocket Launcher Special Weapon Improved Remote Datajack Slashing Weapon Ripper Piercing Weapon Force Lance Special Melee Weapon Datajack Build | -11 -10 -10 -10 -9 -8 -8 -7 -7 -7 -7 -6 -6 -5 -5 -5 -4 -4 -3 -2 -2 -1 ------- Run | Yrd Mat Min Exi Min Mat Gar Fac Was Fac Gar Fac Gar Fac Upp Upp Fac Arm Res Res DSF Acc Slots Evolved 18 | . . . . . 4 . 2 . . . 2 . 2 . . 2 . 2 2 . 2 Power 1 | . . . . . . . . . . . 1 . . . . . . . . . . Propulsion 6 | . . . . . 1 . 1 . . . . . . . . . . 2 1 . 1 Utility 11 | . . . . . 3 . 1 . . . 1 . 2 . . 2 . . 1 . 1 Weapon . | . . . . . . . . . . . . . . . . . . . . . . Parts Attached 225 | 6 11 3 4 3 19 36 5 10 4 14 7 22 5 2 . 23 3 16 . 1 31 Power 28 | 1 . 1 . . 2 2 . 1 . 1 1 5 1 1 . 3 1 2 . . 6 Engine 10 | 1 . 1 . . 2 2 . . . . . 1 . 1 . 1 . 1 . . . Core 6 | . . . . . . . . . . . . 2 1 . . . 1 1 . . 1 Reactor 12 | . . . . . . . . 1 . 1 1 2 . . . 2 . . . . 5 Propulsion 52 | 2 4 . . 1 6 7 1 3 . 1 . . 1 . . 3 1 7 . . 15 Treads 35 | 2 4 . . 1 6 7 1 3 . 1 . . 1 . . 1 . . . . 8 Leg . | . . . . . . . . . . . . . . . . . . . . . . Wheel . | . . . . . . . . . . . . . . . . . . . . . . Hover . | . . . . . . . . . . . . . . . . . . . . . . Flight 17 | . . . . . . . . . . . . . . . . 2 1 7 . . 7 Utility 80 | 1 4 1 2 2 5 11 2 3 4 5 4 9 2 1 . 13 1 5 . 1 4 Device 33 | . 1 1 . 2 2 5 1 1 . 3 3 5 2 . . 3 1 2 . 1 . Storage 6 | 1 2 . 2 . . . . . 1 . . . . . . . . . . . . Processor 3 | . . . . . . . . . . . . . . . . 1 . 1 . . 1 Hackware 20 | . . . . . 1 1 . 1 1 2 1 3 . . . 8 . . . . 2 Protection 18 | . 1 . . . 2 5 1 1 2 . . 1 . 1 . 1 . 2 . . 1 Artifact . | . . . . . . . . . . . . . . . . . . . . . . Weapon 65 | 2 3 1 2 . 6 16 2 3 . 7 2 8 1 . . 4 . 2 . . 6 Energy Gun 26 | . 2 1 1 . 5 7 2 2 . 5 . 1 . . . . . . . . . Energy Cannon 15 | . . . . . . 3 . . . . 1 5 . . . 1 . 1 . . 4 Ballistic Gun 2 | 2 . . . . . . . . . . . . . . . . . . . . . Ballistic Cannon 1 | . . . . . . 1 . . . . . . . . . . . . . . . Launcher 8 | . 1 . . . . 2 . . . . . 1 1 . . 1 . 1 . . 1 Special Weapon 5 | . . . . . . . . 1 . 2 1 1 . . . . . . . . . Impact Weapon . | . . . . . . . . . . . . . . . . . . . . . . Slashing Weapon 4 | . . . . . 1 3 . . . . . . . . . . . . . . . Piercing Weapon 3 | . . . . . . . . . . . . . . . . 2 . . . . 1 Special Melee Weapon 1 | . . . 1 . . . . . . . . . . . . . . . . . . Unidentified Prototypes 7 | . . . . 1 2 . . . . . 1 . 1 . . . . 2 . . . Parts Lost 67 | . 1 1 . 1 3 6 . . . 1 . 3 2 2 . 11 3 4 . . 29 Power 13 | . . 1 . . . . . . . . . 2 . 2 . 3 1 . . . 4 Propulsion 26 | . . . . 1 2 3 . . . . . . 1 . . 2 1 1 . . 15 Utility 23 | . . . . . 1 2 . . . 1 . 1 1 . . 5 1 2 . . 9 Weapon 5 | . 1 . . . . 1 . . . . . . . . . 1 . 1 . . 1 Highest Loss Streak 11 | . 1 1 . 1 2 2 . . . 1 . 1 2 1 . 6 2 4 . . 11 To Critical Strikes 1 | . . . . . . . . . . . . . . . . . . . . . 1 Average Slot Usage (%) 83 | . 98 100 100 100 93 94 81 83 76 75 79 76 72 69 64 58 55 78 . 76 66 Engine 5 | . 14 14 14 14 9 9 7 1 . . . 2 2 . . 1 . 3 . 4 . Reactor 3 | . . . . . . . . 5 7 7 13 8 5 4 . 1 2 . . . 2 Treads 18 | . 27 28 28 28 26 24 23 17 15 15 13 13 10 11 11 7 . . . . 1 Flight 1 | . . . . . . . . . . . . . . . . . 10 19 . 21 13 Device 10 | . 5 14 14 14 12 15 12 15 1 5 12 11 19 17 17 13 5 8 . 7 5 Storage 8 | . 14 14 14 14 9 9 7 7 7 7 6 6 5 5 5 4 . . . . . Hackware 11 | . . . . . 8 8 7 14 22 20 20 17 11 9 5 11 30 23 . 21 25 Protection 4 | . 7 . . . 9 9 7 5 6 3 . 3 . 1 5 4 . 8 . 8 3 Energy Gun 9 | . 10 27 17 28 17 9 12 7 7 12 4 2 4 . . . . . . . . Energy Cannon 1 | . . . . . . 1 2 . . . 3 5 5 5 5 4 . 1 . . 2 Ballistic Gun 1 | . 16 . . . . . . . . . . . . . . . . . . . . Special Weapon 1 | . . . . . . . . 6 7 2 4 1 . . . . . . . . . Peak Build Rating 157 | 6 14 15 19 25 37 45 59 74 74 77 90 89 104 103 97 112 75 116 108 115 157 Average Rating 57 | 4 9 14 14 19 31 36 54 65 68 73 89 85 98 96 96 89 72 102 108 114 116 On Entrance 61 | . 6 13 15 18 20 37 41 48 73 70 77 87 89 96 96 97 75 66 108 108 115 Naked Turns 1 | . . . . . . . . . . . . . . . . 1 . . . . . Heaviest Build 208 | 11 30 30 50 50 61 94 103 75 172 175 195 208 194 196 187 199 21 42 27 28 58 Greatest Support 145 | 40 40 40 40 40 62 62 110 140 140 145 145 145 145 145 145 145 26 47 47 47 70 Greatest Overweight (x) 6 | . 4 . 1 1 1 1 . . 1 1 1 1 1 1 1 6 . . . . 3 Average Overweight (x) . | . . . . 1 . . . . . 1 1 1 1 1 1 . . . . . . Largest Inventory Capacity 30 | 8 15 15 20 20 20 20 20 20 30 30 30 30 30 30 30 30 5 5 5 5 5 Average Capacity 21 | 6 10 15 16 20 20 20 20 20 28 30 30 30 30 30 30 26 5 5 5 5 5 Most Carried 30 | 1 14 15 20 19 20 20 20 20 25 30 30 30 29 26 25 30 5 5 5 5 5 Average Carried 19 | . 6 14 16 18 19 19 19 19 21 28 28 29 27 25 24 22 4 4 5 5 4 Final Capacity 30 | 8 15 15 20 20 20 20 20 20 30 30 30 30 30 30 30 5 5 5 5 5 5 Final Carried 30 | 1 14 15 18 19 20 20 20 19 25 30 29 30 26 23 25 4 3 5 5 5 2 Class Distribution -------------------- 45% | Mutant 27% | Hauler-Mutant 12% | Bothacker-Mutant 7% | Scavenger-Mutant Dominant Class ---------------- Mutant | -10/Materials Mutant | -10/Mines Scavenger-Mutant | -10/Exiles Mutant | -9/Mines Mutant | -8/Materials Mutant | -8/Garrison Mutant | -7/Factory Mutant | -7/Waste Hauler-Mutant | -7/Factory Bothacker-Mutant | -7/Garrison Bothacker-Mutant | -6/Factory Hauler-Mutant | -6/Garrison Hauler-Mutant | -5/Factory Hauler-Mutant | -5/Upper Caves Hauler-Mutant | -5/Upper Caves Hauler-Mutant | -4/Factory Mutant | -4/Armory Sprinter | -3/Research Sprinter | -2/Research Sprinter | -2/DSF Mutant | -1/Access Resources | -11 -10 -10 -10 -9 -8 -8 -7 -7 -7 -7 -6 -6 -5 -5 -5 -4 -4 -3 -2 -2 -1 ----------- Run | Yrd Mat Min Exi Min Mat Gar Fac Was Fac Gar Fac Gar Fac Upp Upp Fac Arm Res Res DSF Acc Matter Collected 3744 | 175 395 52 . 67 189 720 82 170 66 258 . 467 . 94 . 167 . 219 . . 623 Remotely . | . . . . . . . . . . . . . . . . . . . . . . Salvage Created 7527 | . 610 238 . 91 1547 1281 317 674 49 291 . 436 132 290 . 624 . 230 . . 717 Parts 393 | . 47 12 . 4 70 99 14 9 6 14 . 18 7 11 . 28 . 25 . . 29 Haulers Intercepted 9 | . 2 . . . 5 . 1 . . . . . . . . . . . . . 1 Recyclers Shooed 6 | . . . . . 5 . 1 . . . . . . . . . . . . . . Parts Field Recycled . | . . . . . . . . . . . . . . . . . . . . . . Retrieved Matter . | . . . . . . . . . . . . . . . . . . . . . . Parts Self-Destructed 12 | . . . . . . . . . . . . . . 12 . . . . . . . Prevented 2 | . . . . . . . . . . . . . . 2 . . . . . . . Kills | -11 -10 -10 -10 -9 -8 -8 -7 -7 -7 -7 -6 -6 -5 -5 -5 -4 -4 -3 -2 -2 -1 ------- Run | Yrd Mat Min Exi Min Mat Gar Fac Was Fac Gar Fac Gar Fac Upp Upp Fac Arm Res Res DSF Acc Combat Hostiles Destroyed 134 | . 16 5 . 3 17 41 5 2 1 8 . 13 2 6 . 10 . 3 . . 2 Guns 65 | . 13 5 . 3 15 13 4 2 1 7 . 2 . . . . . . . . . Cannons 26 | . . . . . . 9 . . . . . 6 1 3 . 7 . . . . . AOE 36 | . 3 . . . . 18 . . . 1 . 4 . 2 . 3 . 3 . . 2 Classes Destroyed 18 | . 6 . . 2 4 2 . 1 . . . 1 . . . 1 . 1 . . . Worker 7 | . 1 . . . 2 . . . . . . . . . . 2 . 2 . . . Builder 9 | . . . . . 3 . . . . . . . . . . 4 . 2 . . . Tunneler 3 | . . . . . . . . . . . . . . . . . . 2 . . 1 Hauler 9 | . 2 . . . 5 . 1 . . . . . . . . . . . . . 1 Recycler 11 | . . . . . 5 . . . . . . . . . . 1 . 1 . . 4 Operator 3 | . 1 . . . 2 . . . . . . . . . . . . . . . . Watcher 7 | . 1 . . . 4 . 1 . . . . . . . . . . . . . 1 Swarmer 34 | . 6 . . . 5 17 . . . 3 . 3 . . . . . . . . . Cutter 8 | . . . . . . . . . . . . 3 . . . . . 3 . . 2 Grunt 47 | . 10 5 . 1 5 6 1 . . 4 . 6 . 2 . 7 . . . . . Brawler 2 | . . . . 1 1 . . . . . . . . . . . . . . . . Duelist 1 | . . . . . . . . . . . . . . . . 1 . . . . . Sentry 21 | . . . . . 5 12 2 . . . . 1 . 1 . . . . . . . Demolisher 1 | . . . . 1 . . . . . . . . . . . . . . . . . Specialist 1 | . . . . . . 1 . . . . . . . . . . . . . . . Hunter 7 | . . . . . 1 2 . . . . . . 2 . . 2 . . . . . Programmer 11 | . . . . . . 3 2 . 1 2 . . . 3 . . . . . . . Compactor 2 | . . . . . . . . 2 . . . . . . . . . . . . . Wasp 1 | . . . . . . . . 1 . . . . . . . . . . . . . Best Kill Streak 14 | . 3 2 . 2 5 14 2 1 1 4 . 5 2 5 . 8 . 4 . . 2 Combat Bots Only 14 | . 3 2 . 2 4 14 2 1 1 4 . 5 2 5 . 4 . 3 . . 2 Max Kills in Single Turn 4 | . 3 1 . 1 1 2 1 1 1 1 . 3 1 1 . 4 . 2 . . 2 Gunslinging 1 | . 1 . . . . . . . . . . . . . . . . . . . . Exploded 3 | . 3 . . . . 2 . . . 1 . 3 . 1 . 2 . 2 . . 2 Melee . | . . . . . . . . . . . . . . . . . . . . . . Uniques/NPCs Destroyed . | . . . . . . . . . . . . . . . . . . . . . . Combat | -11 -10 -10 -10 -9 -8 -8 -7 -7 -7 -7 -6 -6 -5 -5 -5 -4 -4 -3 -2 -2 -1 -------- Run | Yrd Mat Min Exi Min Mat Gar Fac Was Fac Gar Fac Gar Fac Upp Upp Fac Arm Res Res DSF Acc Hostile Shots Fired 1442 | . 60 19 . 10 110 115 104 . 9 83 . 136 39 43 . 185 56 10 . 1 462 Missed 539 | . 12 6 . 3 37 26 54 . 2 35 . 41 8 15 . 71 29 2 . . 198 Damage Taken 16663 | . 534 201 . 162 973 1165 404 . 154 762 3 1054 514 621 . 2491 518 550 . 91 6466 Core 3227 | . 76 18 . 32 204 112 56 . 13 88 . 129 73 48 . 601 115 56 . . 1606 Absorbed by Shields 598 | . . . . . . . . . . . 3 529 66 . . . . . . . . Redirected to Shielding 109 | . . . . . . . . . . . . . . . . . . . . . 109 Ignored by Resistances 395 | . . . . . 48 115 48 . . . . 55 . . . 129 . . . . . Regen/Repaired (Parts) 239 | . . . . . . . . . . 224 . 15 . . . . . . . . . Core Remaining (%) 74 | 100 . . . 49 . 42 . . . 77 . 84 . . 87 . 37 95 . 100 . Volleys Fired 631 | . 66 15 . 8 100 71 26 65 3 61 9 73 18 28 . 66 . 7 . . 15 Largest 2 | . 2 2 . 2 2 2 2 1 1 2 1 2 1 1 . 2 . 1 . . 2 Hottest 180 | . 112 112 . 112 122 150 150 81 81 162 7 180 90 90 . 148 . 113 . . 150 Shots Fired 928 | . 131 29 . 16 203 110 47 65 3 88 9 91 18 28 . 67 . 7 . . 16 Gun 620 | . 130 28 . 16 203 54 35 56 3 78 . 17 . . . . . . . . . Cannon 232 | . . . . . . 30 12 . . . . 68 18 26 . 62 . 2 . . 14 Launcher 45 | . 1 1 . . . 26 . . . . . 3 . 2 . 5 . 5 . . 2 Special 31 | . . . . . . . . 9 . 10 9 3 . . . . . . . . . Kinetic 108 | . 100 . . . . 8 . . . . . . . . . . . . . . . Thermal 727 | . 30 28 . 16 203 71 35 56 3 78 . 85 18 26 . 62 . 2 . . 14 Explosive 45 | . 1 1 . . . 26 . . . . . 3 . 2 . 5 . 5 . . 2 Electromagnetic 17 | . . . . . . 5 12 . . . . . . . . . . . . . . Robot Hit Streak 26 | . 19 6 . 3 25 26 11 20 1 7 3 19 4 8 . 6 . 1 . . 1 Robot Miss Streak 6 | . 6 2 . 2 3 3 3 3 1 3 1 3 1 2 . 4 . 4 . . 1 Penetration Max . | . . . . . . . . . . . . . . . . . . . . . . Secondary Targets 3 | . 1 . . . 2 . . . . . . . . . . . . . . . . Max Gunslinging Chain 1 | . 1 . . . 1 . . . . . . . . . . . . . . . . Capacitor 95 | . . . . . . . . . . . . . 18 26 . 51 . . . . . Shots Hit Robots 638 | . 81 17 23 9 157 62 34 54 2 46 6 52 13 21 . 39 . 8 . . 14 Core Hits 290 | . 32 10 . 5 51 62 14 11 2 16 1 19 3 13 . 34 . 9 . . 8 Critical Kills . | . . . . . . . . . . . . . . . . . . . . . . Critical Parts Destroyed . | . . . . . . . . . . . . . . . . . . . . . . Critical Strikes 45 | . 2 1 . 1 21 5 . 5 1 4 . 1 . . . . . 1 . . 3 Burn 40 | . 2 1 . 1 21 4 . 5 1 4 . 1 . . . . . . . . . Corrupt 1 | . . . . . . 1 . . . . . . . . . . . . . . . Impale 4 | . . . . . . . . . . . . . . . . . . 1 . . 3 Melee Attacks 87 | . . . 23 . 2 14 . . . . . . . . . 1 2 16 . . 29 Impact . | . . . . . . . . . . . . . . . . . . . . . . Slashing 16 | . . . . . 2 14 . . . . . . . . . . . . . . . Piercing 48 | . . . . . . . . . . . . . . . . 1 2 16 . . 29 Sneak Attacks 35 | . . . 22 . . . . . . . . . . . . . . 7 . . 6 Combat Hostiles . | . . . . . . . . . . . . . . . . . . . . . . Follow-up Attacks . | . . . . . . . . . . . . . . . . . . . . . . Damage Inflicted 19200 | . 1079 303 . 175 2936 3394 990 996 75 941 47 1865 358 946 . 2654 . 1133 . . 1308 Guns 7682 | . 961 274 . 174 2893 609 585 996 52 941 . 197 . . . . . . . . . Cannons 4727 | . . . . . . 889 238 . . . . 1191 358 628 . 1377 . . . . 46 Explosions 4512 | . 109 28 . . . 1562 167 . . . . 465 . 318 . 1267 . 339 . . 257 Melee 2113 | . . . . . . 334 . . . . . . . . . . . 794 . . 985 Ramming 166 | . 9 1 . 1 43 . . . 23 . 47 12 . . . 10 . . . . 20 Kinetic 784 | . 695 . . . . 89 . . . . . . . . . . . . . . . Thermal 11423 | . 266 274 . 174 2893 1278 752 996 52 941 . 1388 358 628 . 1377 . . . . 46 Explosive 4345 | . 109 28 . . . 1562 . . . . . 465 . 318 . 1267 . 339 . . 257 Electromagnetic 369 | . . . . . . 131 238 . . . . . . . . . . . . . . Impact . | . . . . . . . . . . . . . . . . . . . . . . Slashing 334 | . . . . . . 334 . . . . . . . . . . . . . . . Piercing 1779 | . . . . . . . . . . . . . . . . . . 794 . . 985 Highest Corruption 25 | . . . . . 3 5 1 1 2 5 5 5 . 1 1 1 1 1 . . 25 Average Corruption 3 | . . . . . 3 3 1 1 1 4 4 4 . 1 1 1 1 1 . . 8 Corruption Purged 6 | . . . . . . . . . . . 1 4 . . . 1 . . . . . Corruption Blocked . | . . . . . . . . . . . . . . . . . . . . . . Effects 178 | . . . . . 20 38 3 4 14 38 3 30 . 2 2 3 3 . . . 18 Message Errors 40 | . . . . . 3 10 . 2 4 7 . 9 . . . 1 . . . . 4 Matter Fused 43 | . . . . . 4 7 3 1 4 7 2 9 . 1 . . 1 . . . 4 Heat Flow Errors 15 | . . . . . 4 3 . . 1 2 . 3 . . 1 . . . . . 1 Energy Discharges 24 | . . . . . 2 5 . 1 3 6 . 1 . . 1 1 1 . . . 3 Parts Rejected 3 | . . . . . . . . . . 1 . . . . . . . . . . 2 Parts Fused 3 | . . . . . . 1 . . . 1 . 1 . . . . . . . . . Data Loss (minor) 26 | . . . . . 1 7 . . 2 9 1 3 . 1 . 1 1 . . . . Data Loss (major) 8 | . . . . . 2 4 . . . 2 . . . . . . . . . . . Misfires 8 | . . . . . 3 1 . . . 2 . 2 . . . . . . . . . Alerts 3 | . . . . . 1 . . . . . . 1 . . . . . . . . 1 Misdirections 3 | . . . . . . . . . . . . . . . . . . . . . 3 Weapon Failures 2 | . . . . . . . . . . 1 . 1 . . . . . . . . . Overload Shots . | . . . . . . . . . . . . . . . . . . . . . . Overflow Damage 934 | . 8 . . . . 77 59 . 1 . . 50 18 17 . 59 . 304 . . 341 Projectiles 140 | . . . . . . 58 . . . . . 21 18 17 . 26 . . . . . Explosions 355 | . 8 . . . . 19 59 . . . . 29 . . . 33 . 143 . . 64 Melee 439 | . . . . . . . . . 1 . . . . . . . . 161 . . 277 Knockbacks 1 | . . . . . . . . . . . . . . . . . . . . . 1 Impact 1 | . . . . . . . . . . . . . . . . . . . . . 1 Kinetic . | . . . . . . . . . . . . . . . . . . . . . . Secondary . | . . . . . . . . . . . . . . . . . . . . . . Self-Inflicted Damage 666 | . . 15 . . . 72 29 . . . . 69 . . . 201 . 181 . . 99 Shots 13 | . . 1 . . . 3 1 . . . . 1 . . . 4 . 2 . . 1 Rammed 26 | . 4 1 . 1 6 . 1 . 1 . 4 2 . . . 2 . . . . 4 Targets Rammed 28 | . 4 1 . 1 8 . 1 . 1 . 4 2 . . . 2 . . . . 4 Kicked . | . . . . . . . . . . . . . . . . . . . . . . Crushed 2 | . . . . . 2 . . . . . . . . . . . . . . . . Highest Temperature 366 | . 68 81 . 66 366 223 356 287 223 279 . 364 192 194 188 193 13 302 . . 272 Average Temperature 89 | . 12 29 . 28 66 80 144 113 85 102 . 95 115 99 96 105 13 121 . . 94 Received Heat Transfer 2048 | . 228 108 . 12 369 261 105 . . 171 . 211 . 63 . 246 85 . . . 189 Effects 11 | . . . . . 2 . 1 . . 2 . 1 . . . . . 4 . . 1 Energy Bleed 7 | . . . . . 2 . 1 . . 1 . 1 . . . . . 1 . . 1 Interference 3 | . . . . . . . . . . 1 . . . . . . . 2 . . . Matter Decay 1 | . . . . . . . . . . . . . . . . . . 1 . . . Siege Activations . | . . . . . . . . . . . . . . . . . . . . . . Robots Corrupted 2 | . . . . . . 1 1 . . . . . . . . . . . . . . Combat Hostiles 2 | . . . . . . 1 1 . . . . . . . . . . . . . . Parts Fried 1 | . . . . . . . 1 . . . . . . . . . . . . . . Impact Corruptions 1 | . . . . . . . . . 1 . . . . . . . . . . . . Robots Melted 6 | . . . . . 2 . 1 . . . . 1 1 1 . . . . . . . Combat Hostiles 5 | . . . . . 2 . . . . . . 1 1 1 . . . . . . . Parts Melted 49 | . 1 1 . 1 23 7 3 . . 2 . 6 1 3 . 1 . . . . . Heat Transferred 22773 | . 703 666 . 444 7696 2717 1219 2294 148 1739 . 2409 481 740 . 1480 . . . . 37 Parts Sabotaged . | . . . . . . . . . . . . . . . . . . . . . . Parts Stolen . | . . . . . . . . . . . . . . . . . . . . . . Parts Stripped . | . . . . . . . . . . . . . . . . . . . . . . Power Chain Reactions . | . . . . . . . . . . . . . . . . . . . . . . Alert | -11 -10 -10 -10 -9 -8 -8 -7 -7 -7 -7 -6 -6 -5 -5 -5 -4 -4 -3 -2 -2 -1 ------- Run | Yrd Mat Min Exi Min Mat Gar Fac Was Fac Gar Fac Gar Fac Upp Upp Fac Arm Res Res DSF Acc Peak Influence 1149 | . 363 221 . 50 337 1149 859 200 680 1034 542 962 536 . . 222 382 365 204 153 529 Initial 602 | . . 141 . . 19 11 602 200 . 210 542 144 504 . . 56 98 200 204 153 91 Average 374 | . 179 94 . 14 134 678 716 107 311 673 477 607 518 . . 164 172 267 204 153 332 Maximum Alert Level 4 | . 1 1 . . 1 4 3 1 2 3 2 3 2 . . 1 1 1 1 . 2 Low Security (%) 34 | 100 56 75 . 100 67 5 . 45 35 . . 4 . . . 83 71 . . 100 20 Level 1 25 | . 43 24 . . 32 3 . 54 31 26 23 19 . . . 16 28 100 100 . 42 Level 2 23 | . . . . . . 55 28 . 32 20 76 40 100 . . . . . . . 36 Level 3 15 | . . . . . . 30 71 . . 53 . 35 . . . . . . . . . Level 4 . | . . . . . . 4 . . . . . . . . . . . . . . . Level 5 . | . . . . . . . . . . . . . . . . . . . . . . High Security . | . . . . . . . . . . . . . . . . . . . . . . Max Security . | . . . . . . . . . . . . . . . . . . . . . . Squads Dispatched 35 | . 5 . . . 2 . 2 . 6 . 2 . 1 . . 4 2 2 . . 9 Investigation 10 | . 3 . . . . . . . 3 . . . . . . . 1 . . . 3 Extermination 11 | . . . . . . . 2 . 3 . 1 . . . . 1 . 1 . . 3 Reinforcement 11 | . 2 . . . . . . . . . 1 . . . . 3 1 1 . . 3 Assault 1 | . . . . . . . . . . . . . 1 . . . . . . . . Garrison 2 | . . . . . 2 . . . . . . . . . . . . . . . . Intercept . | . . . . . . . . . . . . . . . . . . . . . . Searches Triggered 1 | . . . . . . . . . . . . . . . . . . . . . 1 Construction Impeded 2 | . . . . . . . . . . . . . . . . 2 . . . . . Haulers Reinforced . | . . . . . . . . . . . . . . . . . . . . . . Active Scanning Responses . | . . . . . . . . . . . . . . . . . . . . . . Cargo Convoy Interrupts . | . . . . . . . . . . . . . . . . . . . . . . Stealth | -11 -10 -10 -10 -9 -8 -8 -7 -7 -7 -7 -6 -6 -5 -5 -5 -4 -4 -3 -2 -2 -1 --------- Run | Yrd Mat Min Exi Min Mat Gar Fac Was Fac Gar Fac Gar Fac Upp Upp Fac Arm Res Res DSF Acc Distress Signals 14 | . . . . . 3 . 1 . 2 . . . 1 . . 2 3 . . . 2 Communications Jammed . | . . . . . . . . . . . . . . . . . . . . . . Distress Signals . | . . . . . . . . . . . . . . . . . . . . . . Times Spotted 305 | . 32 5 . 3 31 33 9 4 12 28 2 25 3 5 . 25 37 3 . . 48 Peak Tracking Total 22 | . 4 2 . 2 5 6 2 2 2 10 2 4 3 4 . 10 22 4 . 1 12 Tactical Retreats 28 | . 3 . . . 3 . 1 . . 2 . 1 . . . . 4 . . . 14 Traps | -11 -10 -10 -10 -9 -8 -8 -7 -7 -7 -7 -6 -6 -5 -5 -5 -4 -4 -3 -2 -2 -1 ------- Run | Yrd Mat Min Exi Min Mat Gar Fac Was Fac Gar Fac Gar Fac Upp Upp Fac Arm Res Res DSF Acc Traps Triggered 21 | . 2 . . . . 6 1 . . 2 1 . . . . 1 . 1 . 2 5 Indirectly . | . . . . . . . . . . . . . . . . . . . . . . Trap Hack Attempts . | . . . . . . . . . . . . . . . . . . . . . . Triggered . | . . . . . . . . . . . . . . . . . . . . . . Disarmed . | . . . . . . . . . . . . . . . . . . . . . . Reprogrammed . | . . . . . . . . . . . . . . . . . . . . . . Reused . | . . . . . . . . . . . . . . . . . . . . . . Traps Reconfigurated 1 | . . . . . . 1 . . . . . . . . . . . . . . . Traps Extracted . | . . . . . . . . . . . . . . . . . . . . . . Installed . | . . . . . . . . . . . . . . . . . . . . . . Triggered 2 | . . . . . . . . . . . . . . 2 . . . . . . . Machines | -11 -10 -10 -10 -9 -8 -8 -7 -7 -7 -7 -6 -6 -5 -5 -5 -4 -4 -3 -2 -2 -1 ---------- Run | Yrd Mat Min Exi Min Mat Gar Fac Was Fac Gar Fac Gar Fac Upp Upp Fac Arm Res Res DSF Acc Machines Disabled 30 | . 3 . . . . 3 4 . 4 5 . 7 . 2 . . . . . . 2 Max in Single Turn 4 | . 1 . . . . 1 4 . . 1 . 1 . 1 . . . . . . 1 Garrison Access 3 | . . . . . . . . . . . . . . . . . . . . . 3 Garrison Relay 11 | . . . . . . 1 . . . 6 . 4 . . . . . . . . . Machines Repaired . | . . . . . . . . . . . . . . . . . . . . . . Machines Dismantled . | . . . . . . . . . . . . . . . . . . . . . . Machines Sabotaged . | . . . . . . . . . . . . . . . . . . . . . . Overloaded Fab Kills 8 | . . . . . . . . . . . . . . . . . 8 . . . . Hacking | -11 -10 -10 -10 -9 -8 -8 -7 -7 -7 -7 -6 -6 -5 -5 -5 -4 -4 -3 -2 -2 -1 --------- Run | Yrd Mat Min Exi Min Mat Gar Fac Was Fac Gar Fac Gar Fac Upp Upp Fac Arm Res Res DSF Acc Machines Accessed 63 | . 9 . 2 . 10 2 2 . 7 3 1 . . 3 . . 8 6 1 . 9 Terminals 39 | . 7 . . . 9 2 2 . 5 3 . . . . . . 3 3 1 . 4 Fabricators 7 | . . . . . . . . . 1 . . . . . . . 4 2 . . . Repair Stations 3 | . 1 . . . . . . . . . . . . . . . 1 1 . . . Recycling Units 2 | . 1 . . . . . . . . . . . . . . . . . . . 1 Scanalyzers . | . . . . . . . . . . . . . . . . . . . . . . Garrison Access 7 | . . . . . 1 . . . 1 . 1 . . . . . . . . . 4 Total Hacks 145 | . 26 . 2 . 30 6 4 . 21 5 1 . . 5 . . 20 10 1 . 14 Successful 74 | . 16 . 2 . 15 2 . . 12 2 1 . . 5 . . 11 1 1 . 6 Failed 70 | . 9 . . . 15 4 4 . 9 3 . . . . . . 9 9 . . 8 Catastrophic 25 | . 2 . . . 3 2 1 . 3 1 . . . . . . 3 7 . . 3 Database Lockouts 1 | . 1 . . . . . . . . . . . . . . . . . . . . Manual 74 | . 22 . 1 . 19 3 4 . 12 . . . . . . . 10 2 . . 1 Terminals 110 | . 24 . . . 29 6 4 . 16 5 . . . . . . 14 3 1 . 8 Fabricators 11 | . . . . . . . . . 2 . . . . . . . 4 5 . . . Repair Stations 5 | . 1 . . . . . . . . . . . . . . . 2 2 . . . Recycling Units 2 | . 1 . . . . . . . . . . . . . . . . . . . 1 Scanalyzers . | . . . . . . . . . . . . . . . . . . . . . . Garrison Access 10 | . . . . . 1 . . . 3 . 1 . . . . . . . . . 5 Terminal Hacks 33 | . 7 . 2 . 7 1 . . 4 2 . . . 5 . . 3 . 1 . 1 Record 4 | . . . 1 . . . . . . . . . . 3 . . . . . . . Part Schematic 1 | . 1 . . . . . . . . . . . . . . . . . . . . Robot Schematic 1 | . 1 . . . . . . . . . . . . . . . . . . . . Robot Analysis 3 | . 2 . . . 1 . . . . . . . . . . . . . . . . Prototype ID Bank 4 | . 2 . . . 2 . . . . . . . . . . . . . . . . Open Door 3 | . . . . . . . . . . . . . . 2 . . . . . . 1 Open DSF 1 | . . . . . . . . . . . . . . . . . . . 1 . . Emergency Access Points 2 | . . . . . . 1 . . . 1 . . . . . . . . . . . Unreport Threat 7 | . . . . . 2 . . . 4 . . . . . . . 1 . . . . Locate Traps 2 | . 1 . . . 1 . . . . . . . . . . . . . . . . Patrol Status 1 | . . . . . . . . . . . . . . . . . 1 . . . . Hauler Manifests 2 | . . . . . 1 . . . . . . . . . . . 1 . . . . Garrison Registry 1 | . . . . . . . . . . 1 . . . . . . . . . . . Derelict Proto ID Bank 1 | . . . 1 . . . . . . . . . . . . . . . . . . Fabricator Hacks 6 | . . . . . . . . . 2 . . . . . . . 3 1 . . . Network Status 2 | . . . . . . . . . . . . . . . . . 2 . . . . Load Schematic 1 | . . . . . . . . . 1 . . . . . . . . . . . . Build 3 | . . . . . . . . . 1 . . . . . . . 1 1 . . . Repair Station Hacks . | . . . . . . . . . . . . . . . . . . . . . . Recycling Unit Hacks . | . . . . . . . . . . . . . . . . . . . . . . Scanalyzer . | . . . . . . . . . . . . . . . . . . . . . . Garrison Access Hacks 8 | . . . . . 1 . . . 2 . 1 . . . . . . . . . 4 Unlock Access 3 | . . . . . 1 . . . 1 . 1 . . . . . . . . . . Seal Access 3 | . . . . . . . . . . . . . . . . . . . . . 3 Coupler Status 2 | . . . . . . . . . 1 . . . . . . . . . . . 1 Unauthorized Hacks 27 | . 9 . . . 7 1 . . 4 . . . . . . . 5 . . . 1 Terminals 23 | . 8 . . . 7 1 . . 3 . . . . . . . 4 . . . . Track 2 | . . . . . . . . . . . . . . . . . 2 . . . . Botnet 6 | . 1 . . . 1 1 . . 2 . . . . . . . 1 . . . . Operators 3 | . . . . . 1 . . . 1 . . . . . . . 1 . . . . Skim 12 | . 7 . . . 5 . . . . . . . . . . . . . . . . Fabricators 1 | . . . . . . . . . . . . . . . . . 1 . . . . Overload 1 | . . . . . . . . . . . . . . . . . 1 . . . . Repair Stations . | . . . . . . . . . . . . . . . . . . . . . . Recycling Units 1 | . 1 . . . . . . . . . . . . . . . . . . . . Tunnel 1 | . 1 . . . . . . . . . . . . . . . . . . . . Scanalyzers . | . . . . . . . . . . . . . . . . . . . . . . Garrison Access 2 | . . . . . . . . . 1 . . . . . . . . . . . 1 Eject 2 | . . . . . . . . . 1 . . . . . . . . . . . 1 Data Cores Recovered 2 | . . . . . 1 . . . 1 . . . . . . . . . . . . Used . | . . . . . . . . . . . . . . . . . . . . . . Hacking Detections 42 | . 6 . . . 8 2 2 . 6 2 . . . . . . 5 6 . . 5 Full Trace Events 5 | . 1 . . . 1 . . . 2 . . . . . . . . . . . 1 Feedback Events . | . . . . . . . . . . . . . . . . . . . . . . Feedback Blocked . | . . . . . . . . . . . . . . . . . . . . . . Robot Schematics Acquired 1 | . 1 . . . . . . . . . . . . . . . . . . . . Robots Built . | . . . . . . . . . . . . . . . . . . . . . . Authchips . | . . . . . . . . . . . . . . . . . . . . . . Time . | . . . . . . . . . . . . . . . . . . . . . . Total Robot Build Rating . | . . . . . . . . . . . . . . . . . . . . . . Part Schematics Acquired 1 | . 1 . . . . . . . . . . . . . . . . . . . . Parts Built 2 | . . . . . . . . . 1 . . . . . . . . 1 . . . Authchips . | . . . . . . . . . . . . . . . . . . . . . . Time 346 | . . . . . . . . . 25 . . . . . . . 117 204 . . . Total Part Build Rating 9 | . . . . . . . . . 1 . . . . . . . . 8 . . . Parts Repaired . | . . . . . . . . . . . . . . . . . . . . . . Time . | . . . . . . . . . . . . . . . . . . . . . . Parts Recycled . | . . . . . . . . . . . . . . . . . . . . . . Recycled Matter . | . . . . . . . . . . . . . . . . . . . . . . Retrieved Matter . | . . . . . . . . . . . . . . . . . . . . . . Retrieved Components . | . . . . . . . . . . . . . . . . . . . . . . Parts Scanalyzed . | . . . . . . . . . . . . . . . . . . . . . . Part Schematics Acquired . | . . . . . . . . . . . . . . . . . . . . . . Parts Damaged . | . . . . . . . . . . . . . . . . . . . . . . Bothacking | -11 -10 -10 -10 -9 -8 -8 -7 -7 -7 -7 -6 -6 -5 -5 -5 -4 -4 -3 -2 -2 -1 ------------ Run | Yrd Mat Min Exi Min Mat Gar Fac Was Fac Gar Fac Gar Fac Upp Upp Fac Arm Res Res DSF Acc Used RIF Installer 3 | . . . . . . 2 . . . 1 . . . . . . . . . . . Robot Detection 1 | . . . . . . 1 . . . . . . . . . . . . . . . Watcher Feeds 1 | . . . . . . . . . . 1 . . . . . . . . . . . Robots Hacked 26 | . . . 7 . . . . 7 . 7 3 2 . . . . . . . . . Non-combat 6 | . . . 3 . . . . . . . 3 . . . . . . . . . . Combat 20 | . . . 4 . . . . 7 . 7 . 2 . . . . . . . . . Robot Hacks Applied 42 | . . . 21 . . . . 7 . 7 5 2 . . . . . . . . . parse_system 23 | . . . 21 . . . . 1 . 1 . . . . . . . . . . . find_fabricator 1 | . . . . . . . . . . . 1 . . . . . . . . . . drop_inventory 2 | . . . . . . . . . . . 2 . . . . . . . . . . purge_threat 1 | . . . . . . . . . . . 1 . . . . . . . . . . ignore_targets 6 | . . . . . . . . 6 . . . . . . . . . . . . . amplify_resonance 4 | . . . . . . . . . . 3 . 1 . . . . . . . . . overwrite_iff 2 | . . . . . . . . . . 2 . . . . . . . . . . . formatsys_low 1 | . . . . . . . . . . . 1 . . . . . . . . . . formatsys_high 2 | . . . . . . . . . . 1 . 1 . . . . . . . . . Relay Couplers Released 52 | . . . . . . 4 . . 4 23 . 17 . . . . . . . . 4 Ejected 8 | . . . . . . . . . 4 . . . . . . . . . . . 4 Machine Destruction 44 | . . . . . . 4 . . . 23 . 17 . . . . . . . . . Attached 18 | . . . . . . 1 . 1 . 2 1 3 . . . 8 . . . . 2 Fabnet Peak Effective % . | . . . . . . . . . . . . . . . . . . . . . . Robots Rewired . | . . . . . . . . . . . . . . . . . . . . . . Allies Hacked 3 | . . . . . . . . . . 3 . . . . . . . . . . . Hacks Repelled . | . . . . . . . . . . . . . . . . . . . . . . Allies | -11 -10 -10 -10 -9 -8 -8 -7 -7 -7 -7 -6 -6 -5 -5 -5 -4 -4 -3 -2 -2 -1 -------- Run | Yrd Mat Min Exi Min Mat Gar Fac Was Fac Gar Fac Gar Fac Upp Upp Fac Arm Res Res DSF Acc Total Allies 24 | . . . . . . . . 19 . 3 1 1 . . . . . . . . . Largest Group 19 | . . . . . . . . 19 18 12 3 4 . . . . . . . . . Highest-Rated Group 475 | . . . . . . . . 475 461 347 60 107 . . . . . . . . . Highest-Rated Ally 47 | . . . . . . . . 35 35 35 32 47 . . . . . . . . . Total Orders 6 | . . . . . . . . . . 2 . 2 . . . . 1 1 . . . STAY 3 | . . . . . . . . . . 1 . 2 . . . . . . . . . FOLLOW 1 | . . . . . . . . . . 1 . . . . . . . . . . . RETURN 2 | . . . . . . . . . . . . . . . . . 1 1 . . . Ally Attacks 369 | . . . . . . 13 . 116 132 67 1 40 . . . . . . . . . Total Damage 8348 | . . . . . . 605 . 2003 2605 1721 23 1391 . . . . . . . . . Kills 48 | . . . . . . 1 . 4 25 12 . 6 . . . . . . . . . Allies Corrupted 2 | . . . . . . . . . . 2 . . . . . . . . . . . Allies Melted 1 | . . . . . . . . . . 1 . . . . . . . . . . . Turrets Deployed 3 | . . . . . . 1 . . . 1 . 1 . . . . . . . . . Intel | -11 -10 -10 -10 -9 -8 -8 -7 -7 -7 -7 -6 -6 -5 -5 -5 -4 -4 -3 -2 -2 -1 ------- Run | Yrd Mat Min Exi Min Mat Gar Fac Was Fac Gar Fac Gar Fac Upp Upp Fac Arm Res Res DSF Acc Robot Analysis Total 3 | . 2 . . . 1 . . . . . . . . . . . . . . . . Derelict Logs Recovered 2 | . . 1 . 1 . . . . . . . . . . . . . . . . . Drone Launches 6 | . . . . . . . . . . . . . . . . . 3 3 . . . Drone Recoveries 6 | . . . . . . . . . . . . . . . . . 3 3 . . . Exploration | -11 -10 -10 -10 -9 -8 -8 -7 -7 -7 -7 -6 -6 -5 -5 -5 -4 -4 -3 -2 -2 -1 ------------- Run | Yrd Mat Min Exi Min Mat Gar Fac Was Fac Gar Fac Gar Fac Upp Upp Fac Arm Res Res DSF Acc Turns Passed 17828 | 60 1463 919 955 714 1498 1778 815 740 1532 1364 521 1757 323 1119 206 657 240 344 2 38 783 Spaces Moved 10340 | 34 749 541 504 260 683 717 283 383 655 486 201 641 123 448 86 334 510 842 7 104 1749 Core 290 | 3 3 . . . . . . . . . . . . . . 38 . . . . 246 Treads 6960 | 31 746 541 504 260 683 717 283 383 655 486 201 641 123 448 86 171 . . . . 1 Legs . | . . . . . . . . . . . . . . . . . . . . . . Wheels . | . . . . . . . . . . . . . . . . . . . . . . Hover . | . . . . . . . . . . . . . . . . . . . . . . Flight 3090 | . . . . . . . . . . . . . . . . 125 510 842 7 104 1502 Fastest Speed 25 | 50 160 160 160 240 155 155 160 160 160 240 240 240 240 240 240 37 37 26 27 27 25 Average Speed 145 | 150 160 160 179 240 158 205 160 160 227 240 240 240 240 240 240 151 37 28 27 27 33 Slowest Speed 625 | 160 250 160 240 240 240 240 160 160 240 240 240 240 240 240 240 625 37 37 27 27 200 Overloaded Moves . | . . . . . . . . . . . . . . . . . . . . . . Propulsion Burnouts . | . . . . . . . . . . . . . . . . . . . . . . Robots Hopped 25 | . . . . . . . . . . . . . . . . . 4 3 . . 18 Cave-ins Triggered . | . . . . . . . . . . . . . . . . . . . . . . Exploration Rate (%) 49 | 4 94 98 82 55 54 76 8 97 25 65 9 79 5 69 15 16 34 19 . 84 54 Regions Visited 21 Branch Regions 6 Pre-discovered Areas 6 | . 2 . 1 1 2 . . . . . . . . . . . . . . . . Known Exits Taken 7 | . . . 1 . 1 . . . 1 . 1 . . . . 1 . 1 1 . . Unknown Exits Taken 8 | 1 1 1 . 1 . . . . . . . . 1 1 1 . 1 . . . . Scrap Searched 7 | . . 1 . 2 . . . . . . . . . 2 2 . . . . . . Spaces Dug 35 | . . . . . 2 . . . . . . . . . . 2 2 11 . . 18 Terrain Destroyed 360 | . . 10 . . 2 59 35 . . . . 34 1 11 . 49 2 110 . . 47 Melee 23 | . . . . . 2 . . . . . . . . . . 1 2 9 . . 9 Projectile 31 | . . . . . . . . . . . . . 1 3 . 16 . 2 . . 9 AOE 306 | . . 10 . . . 59 35 . . . . 34 . 8 . 32 . 99 . . 29 Terrain Rammed . | . . . . . . . . . . . . . . . . . . . . . . Walls Destroyed . | . . . . . . . . . . . . . . . . . . . . . . Machines Disabled . | . . . . . . . . . . . . . . . . . . . . . . Actions | -11 -10 -10 -10 -9 -8 -8 -7 -7 -7 -7 -6 -6 -5 -5 -5 -4 -4 -3 -2 -2 -1 --------- Run | Yrd Mat Min Exi Min Mat Gar Fac Was Fac Gar Fac Gar Fac Upp Upp Fac Arm Res Res DSF Acc Total 12141 | 40 886 564 543 333 895 889 606 486 694 610 230 769 152 491 87 458 552 896 6 112 1842 Wait 643 | . 38 4 4 60 65 16 283 4 25 17 4 15 3 13 . 25 40 7 . . 20 Move 10272 | 33 748 540 503 259 683 716 283 382 654 485 201 640 122 447 85 333 501 835 6 103 1713 Hop 25 | . . . . . . . . . . . . . . . . . 4 3 . . 18 Pick Up 99 | 1 12 1 5 2 6 10 3 9 4 17 3 8 1 . 2 5 1 6 . . 3 Fast Attach 85 | 6 6 . . . 5 6 . 3 2 3 1 6 1 . . 14 1 10 . 1 20 Attach 53 | . . 1 . 1 5 4 2 2 . 1 3 7 2 2 . 8 2 4 . . 9 Detach 25 | . 1 . . . 2 2 2 . 1 . 1 3 1 1 . 3 1 2 . . 5 Swap 88 | . 6 2 4 2 9 26 3 5 2 10 3 9 2 . . 1 . 2 . . 2 Drop 89 | . 5 . 3 . 10 18 3 16 2 15 1 6 2 . . . . 4 . . 4 Fire 631 | . 66 15 . 8 100 71 26 65 3 61 9 73 18 28 . 66 . 7 . . 15 Melee 87 | . . . 23 . 2 14 . . . . . . . . . 1 2 16 . . 29 Ram 6 | . . . . . . . . . . . . . . . . 2 . . . . 4 Kick . | . . . . . . . . . . . . . . . . . . . . . . Crush 22 | . 4 1 . 1 8 . 1 . 1 . 4 2 . . . . . . . . . Escape Stasis 14 | . . . . . . 6 . . . . . . . . . . . . . 8 . Rewire 2 | . . . 1 . . . . . . 1 . . . . . . . . . . . Trap . | . . . . . . . . . . . . . . . . . . . . . . Miscellaneous . | . . . . . . . . . . . . . . . . . . . . . . Route ------- -11/Scrapyard -10/Materials (discovered 6 exits: [*Mat x3] / [*Min x2] / Sub) -10/Mines (discovered 3 exits: [*Mat x2] / *Exi) -10/Exiles (discovered 2 exits: *Min x2) -9/Mines -8/Materials -8/Garrison (discovered 3 exits: *Fac x3) -7/Factory -7/Waste -7/Factory (discovered 2 exits: [*Low] / Gar) -7/Garrison (discovered 3 exits: *Fac x3) -6/Factory (discovered 2 exits: [*Low] / Gar) -6/Garrison (discovered 3 exits: [*Fac x3]) -5/Factory -5/Upper Caves -5/Upper Caves -4/Factory -4/Armory -3/Research -2/Research -2/DSF -1/Access History --------- Turn | Location | Event 15 | -11/Scrapyard | Discovered new exit (range 15) 61 | -11/Scrapyard | Entered Materials 61 | -10/Materials | Discovered new exit (range 8) 303 | -10/Materials | Build established: Mutant 376 | -10/Materials | Discovered new exit (range 16) 741 | -10/Materials | Discovered new exit (range 12) 856 | -10/Materials | Discovered new exit (range 16) 1071 | -10/Materials | Central database locked down 1089 | -10/Materials | Discovered new exit (range 10) 1144 | -10/Materials | Learned Storage trap positions 1208 | -10/Materials | Loaded intel: 1 repair station location 1344 | -10/Materials | Learned Storage emergency access door positions 1368 | -10/Materials | Identified exit to Subcaves 1400 | -10/Materials | Learned Storage trap positions 1500 | -10/Materials | Learned Storage terminal intel 1524 | -10/Materials | Entered Mines 1568 | -10/Mines | Received a Rocket Launcher from a helpful Derelict 1658 | -10/Mines | Learned Materials terminal intel 1750 | -10/Mines | Discovered new exit (range 4) 2017 | -10/Mines | Discovered new exit (range 10) 2111 | -10/Mines | Deemed a non-threat by the Exiles lab entrance 2437 | -10/Mines | Discovered new exit (range 5) 2443 | -10/Mines | Entered Exiles 2444 | -10/Exiles | Identified exit to Mines 2483 | -10/Exiles | Met 8R-AWN 2509 | -10/Exiles | Met EX-HEX 2552 | -10/Exiles | Met EX-BIN 2571 | -10/Exiles | Aligned with FarCom system 2573 | -10/Exiles | Given EX-Vault access code 2824 | -10/Exiles | Met EX-DEC 2879 | -10/Exiles | Build established: Scavenger-Mutant 2894 | -10/Exiles | Visited The Gauntlet 3086 | -10/Exiles | Opened EX-Vault 3098 | -10/Exiles | Found Gui. Plasma Cannon 3101 | -10/Exiles | Found Deploy-a-Sentry 3105 | -10/Exiles | Found Deploy-a-Sentry 3108 | -10/Exiles | Found Deploy-a-Sentry 3116 | -10/Exiles | Found Trap Reconfigurator 3170 | -10/Exiles | Warned to stay clear of 0b10 Research branches 3254 | -10/Exiles | Learned location of Zion (-7) 3398 | -10/Exiles | Stole three prototypes: Trap Reconfigurator, Gui. Plasma Cannon, Deploy-a-Sentry 3398 | -10/Exiles | Entered Mines 3425 | -9/Mines | A weapon hastily lodged in a ceiling crevice suddenly fell to the ground 3551 | -9/Mines | Build established: Mutant 3715 | -9/Mines | Assembled infested the area 3716 | -9/Mines | Learned location of Storage (-9) 3720 | -9/Mines | Assisted by a Guerilla fighting off Assembled 3922 | -9/Mines | Core integrity fell below 50% 3928 | -9/Mines | Found a damaged Exp. Sensor Array with a note attached 3933 | -9/Mines | Found Prototype Device 3934 | -9/Mines | Identified Exp. Sensor Array 4009 | -9/Mines | Discovered new exit (range 7) 4112 | -9/Mines | Entered Materials 4112 | -8/Materials | Evolved 4 slots: Propulsion x1, Utility x3 4113 | -8/Materials | Loaded intel: 12 terminal locations 4538 | -8/Materials | Garrison activated, responded to threat 4838 | -8/Materials | Learned Storage terminal intel 4884 | -8/Materials | Learned Factory emergency access door positions 4919 | -8/Materials | Learned location of Lower Caves (-6) 4943 | -8/Materials | Learned Storage security intel 4955 | -8/Materials | Learned Factory trap positions 4979 | -8/Materials | Learned 4 Lower Caves zone layouts 5014 | -8/Materials | Learned Factory repair station intel 5526 | -8/Materials | Garrison activated, responded to threat 5610 | -8/Materials | Identified exit to Garrison 5610 | -8/Materials | Entered Garrison 5690 | -8/Garrison | Triggered checkpoint 5700 | -8/Garrison | Triggered checkpoint 5713 | -8/Garrison | Triggered checkpoint 5724 | -8/Garrison | Triggered checkpoint 5763 | -8/Garrison | Destroyed 14 combat bots 5997 | -8/Garrison | Discovered new exit (range 12) 6142 | -8/Garrison | Triggered checkpoint 6272 | -8/Garrison | Installed Relay Interface Framework 6498 | -8/Garrison | Core integrity fell below 50% 6535 | -8/Garrison | Expanded RIF knowledge: Robot Detection 6708 | -8/Garrison | Discovered new exit (range 11) 7133 | -8/Garrison | Discovered new exit (range 11) 7136 | -8/Garrison | Triggered checkpoint 7169 | -8/Garrison | Garrison Relay disabled 7287 | -8/Garrison | DAS Turret deployed 7388 | -8/Garrison | Entered Factory 7388 | -7/Factory | Evolved 2 slots: Propulsion x1, Utility x1 7389 | -7/Factory | Loaded intel: 86 trap records 7390 | -7/Factory | FarCom data flow suspended 7391 | -7/Factory | Loaded intel: 6 repair station locations 7477 | -7/Factory | Discovered new exit (range 15) 8203 | -7/Factory | Sucked down chute 8203 | -7/Factory | Entered Waste 8204 | -7/Waste | Met a frightened Derelict 8219 | -7/Waste | Spotted C-40 Crusher 8220 | -7/Waste | Spotted C-40 Crusher 8243 | -7/Waste | Spotted C-40 Crusher 8264 | -7/Waste | Spotted C-40 Crusher 8271 | -7/Waste | Spotted C-40 Crusher 8333 | -7/Waste | Spotted C-40 Crusher 8386 | -7/Waste | Allies destroyed C-40 Crusher 8428 | -7/Waste | Destroyed C-40 Crusher 8473 | -7/Waste | Destroyed C-40 Crusher 8490 | -7/Waste | Allies destroyed C-40 Crusher 8759 | -7/Waste | Warlord forces began an assault 8916 | -7/Waste | Discovered new exit (range 12) 8943 | -7/Waste | Entered Factory 8943 | -7/Factory | Accompanied by 18 allies 9065 | -7/Factory | Discovered new exit (range 8) 9136 | -7/Factory | Fabricated Cargo Storage Unit (x1) 9333 | -7/Factory | Lost 4 allies 9449 | -7/Factory | Build established: Hauler-Mutant 10466 | -7/Factory | Identified exit to Garrison 10475 | -7/Factory | Entered Garrison 10475 | -7/Garrison | Accompanied by 12 allies 10537 | -7/Garrison | Triggered checkpoint 10595 | -7/Garrison | Garrison Relay disabled 10599 | -7/Garrison | Lost 3 allies 10698 | -7/Garrison | Garrison Relay disabled 10798 | -7/Garrison | Lost 8 allies 10832 | -7/Garrison | Garrison Relay disabled 10849 | -7/Garrison | Garrison Relay disabled 10878 | -7/Garrison | Garrison Relay disabled 10909 | -7/Garrison | Build established: Bothacker-Mutant 10986 | -7/Garrison | DAS Turret deployed 11034 | -7/Garrison | Triggered checkpoint 11099 | -7/Garrison | Triggered checkpoint 11099 | -7/Garrison | Triggered checkpoint 11243 | -7/Garrison | Found Quantum Capacitor 11339 | -7/Garrison | Discovered new exit (range 8) 11438 | -7/Garrison | Discovered new exit (range 70) 11438 | -7/Garrison | Discovered new exit (range 20) 11438 | -7/Garrison | Discovered new exit (range 88) 11555 | -7/Garrison | Garrison Relay disabled 11767 | -7/Garrison | Expanded RIF knowledge: Watcher Feeds 11839 | -7/Garrison | Entered Factory 11839 | -6/Factory | Accompanied by 2 allies 11839 | -6/Factory | Evolved 2 slots: Power x1, Utility x1 11981 | -6/Factory | Discovered new exit (range 8) 12360 | -6/Factory | Identified exit to Garrison 12360 | -6/Factory | Entered Garrison 12360 | -6/Garrison | Accompanied by 3 allies 12550 | -6/Garrison | Spotted B-75 Beast 12606 | -6/Garrison | Garrison Relay disabled 12684 | -6/Garrison | DAS Turret deployed 12689 | -6/Garrison | Allies destroyed B-75 Beast 12788 | -6/Garrison | Triggered checkpoint 12890 | -6/Garrison | Triggered checkpoint 12976 | -6/Garrison | Discovered new exit (range 8) 13116 | -6/Garrison | Build established: Hauler-Mutant 13144 | -6/Garrison | Triggered checkpoint 13202 | -6/Garrison | Garrison Relay disabled 13225 | -6/Garrison | Garrison Relay disabled 13425 | -6/Garrison | Discovered new exit (range 8) 13454 | -6/Garrison | Triggered checkpoint 13498 | -6/Garrison | Garrison Relay disabled 13761 | -6/Garrison | Discovered new exit (range 14) 13908 | -6/Garrison | Triggered checkpoint 14117 | -6/Garrison | Entered Factory 14117 | -5/Factory | Evolved 2 slots: Utility x2 14375 | -5/Factory | Discovered new exit (range 5) 14417 | -5/Factory | First assault squad dispatched 14440 | -5/Factory | Entered Upper Caves 15367 | -5/Upper Caves | Learned Extension emergency access door positions 15367 | -5/Upper Caves | Learned Factory terminal intel 15453 | -5/Upper Caves | Discovered new exit (range 7) 15559 | -5/Upper Caves | Entered another Upper Caves area 15741 | -5/Upper Caves | Discovered new exit (range 9) 15765 | -5/Upper Caves | Entered Factory 15765 | -4/Factory | Evolved 2 slots: Utility x2 15766 | -4/Factory | Identified exit to Armory 15767 | -4/Factory | Loaded intel: 26 terminal locations 16287 | -4/Factory | Lost 6 parts (1p2n3u) 16332 | -4/Factory | Released all parts (7) 16362 | -4/Factory | Lost 3 parts (1p1u1w) 16422 | -4/Factory | Entered Armory 16423 | -4/Armory | Core integrity fell below 50% 16625 | -4/Armory | Build established: Mutant 16661 | -4/Armory | Discovered new exit (range 3) 16662 | -4/Armory | Entered Research 16662 | -3/Research | Evolved 2 slots: Propulsion x2 16856 | -3/Research | Found Fusion Bomb Launcher 16893 | -3/Research | Discovered new exit (range 15) 16897 | -3/Research | Identified exit to Research 16934 | -3/Research | Fabricated Adv. Micro-nuke Launcher? 16950 | -3/Research | Build established: Sprinter 16953 | -3/Research | Lost 4 parts (1n2u1w) 17006 | -3/Research | Entered another Research area 17006 | -2/Research | Evolved 2 slots: Propulsion x1, Utility x1 17008 | -2/Research | Identified exit to DSF 17008 | -2/Research | Entered DSF 17031 | -2/DSF | Discovered new exit (range 12) 17034 | -2/DSF | Identified exit to Access 17046 | -2/DSF | Entered Access 17046 | -1/Access | Evolved 2 slots: Propulsion x1, Utility x1 17287 | -1/Access | Spotted B-99 Colossus 17307 | -1/Access | Spotted B-99 Colossus 17471 | -1/Access | Build established: Ninja 17567 | -1/Access | Lost 11 parts (3p4n3u1w) 17661 | -1/Access | Lost 7 parts (1p4n2u) 17663 | -1/Access | Spotted B-99 Colossus 17687 | -1/Access | Core integrity fell below 50% 17758 | -1/Access | System corruption reached 10% 17775 | -1/Access | Core integrity fell below 20% 17796 | -1/Access | Search patrols dispatched 17810 | -1/Access | Build established: Mutant 17810 | -1/Access | Spotted B-99 Colossus 17810 | -1/Access | Spotted B-99 Colossus 17829 | -1/Access | Destroyed by P-80 Master with Gamma Rifle Last Messages --------------- 17822_ Slug penetrates B-99 Colossus. 17822_ Penetrated by Slug. 17824_ B-99 Colossus activates siege mode. 17824_ Relay Coupler [Swarmer] destroyed. 17824_ Critical hit (Blast). 17824_ Penetrated by Slug. 17824_ Slug penetrates Sealed Heavy Doors. 17825_ Critical hit (Destroy). 17825_ Hvy. Siege Treads destroyed. 17825_ Penetrated by Slug. 17826_ Slug penetrates Sealed Heavy Doors. 17826_ Penetrated by Slug. 17826_ Slug penetrates Sealed Heavy Doors. 17826_ Penetrated by Slug. 17826_ Slug penetrates Sealed Heavy Doors. 17826_ Penetrated by Slug. 17826_ Slug penetrates Sealed Heavy Doors. 17826_ Penetrated by Slug. 17826_ Hvy. Siege Treads destroyed. 17827_ System corrupted: Matter fused (-10). Map ----- +----------------------------------------------------+ | ????? ] #?????????# ! / #####/######## | | ??????? #?????????# [%= # # | | ????????? ##???????##"#####""" # % | | ###########+############"######""" " ==% | | # = " % | | # + | | ####### % "####### # ! | | #?????# "#?????# # | | # #?????# ""#?????# # """ "" | | # %!!#?????# T#?????# # """S"" | | #" !!#?????# ""#?????# ############## | | #"" #?????# "#?????# | | #"" #?????# ""#?????# | | #T #?????""""""""""""?????################# | | #"" #??????????????????????????????????# | | #"" #??????????????????????????????????# | | #"" #??????????????????????????????????# | | # #??????????????????????????????????# | | #??????????????????????????????????# " | | #??????????????????????????????????# "" | | ####+### #??????????????????????????????????# " | | ?? # #??????????????????????????????????# | | # #??????????????????????????????????# | | # #??????????????????????????????????##### | | " # #?????????????"""??????????????????????? | | """ # #?????????????"@"#?????????????????????? | | """ # #?????#""""""""p #?????????????????????? | | " ## #?????# %p #?????????????????????? | | ## #?????# hBB #?????????????????????? | | ? ## #?????# BBp#?????????????????????? | | ???###### #?????# p #?????????????????????? | | ????????# #?????# h #?????????????????????? | | ????????# #?????# %%#?????????????????????? | | ????????# #?????# #?????????????????????? | | ????????# #?????#### ####?????????????????????? | | ????????# #???????## #????????????????????????? | | ######### ########## % ########?????????????????? | | """"" % u +?????????????????? | | """T"" " #?????????????????? | | "" "%" +?????????????????? | | " #?????????????????? | | ###########+##### #?????????????????? | | #?????????g?????? #?????????????????? | | """" #???????g????????? #?????????????????? | | """" #????????g????????? ????????????????? | | """" ???????????????????? ???????????????? | | """" ?????????g?????????? ???????????????? | | "?"" ????????????????????? ?????????????????? | | ? ???????????????????????????????????????? | | ? ???????????????????????????????????????? | +----------------------------------------------------+ Best States ------------- Heat Dissipation 70 Coolant Potential 100 Energy Generation 45 Energy Capacity 550 Matter Stores 300 Matter Capacity 300 Sight Range 22 Robot Scan Range 20 Terrain Scan Density 10 Jamming Range 14 Cloak Strength 3 Power Amplification 30 Armor Coverage 825 Resistance: KI 30 Resistance: TH 10 Utility Shielding 66 Weapon Cycling 20 Evasion (%) 64 Recoil Reduction 4 Offensive Hacking 10 Defensive Hacking 10 Relay Coupler Types 6 Relay Coupler Value 151 Authchip Count 1 Trap Extractor Capacity 4 Item Schematics ----------------- Cargo Storage Unit | -10/Materials | Hacked Robot Schematics ------------------ M-13 Machinist | -10/Materials | Hacked Fabricated ------------ Cargo Storage Unit | x1 | -7/Factory Adv. Micro-nuke Launcher | x1 | -3/Research | Preloaded Alien Tech Used ----------------- None Achievements -------------- None Challenges ------------ None Game ------ Seed MassTitaniumCalibrator Manual? 0 Play Time 01:48:52 Cumulative 492.9 hours Start 2024.08.23 @ 14:33:17 End 2024.08.24 @ 10:40:38 Sessions 7 Manual Loads 0 Difficulty Rogue Special Mode None Game No. 293 Rogue 293 Adventurer 0 Explorer 0 Win Type - Total 35 Types 25/2/4/1/1/0/1/1/0 Lore% 80 Gallery% 85 Achievement% 85 Wizard Run 0 Options --------- Layout 0 ASCII 0 Keyboard 1 Movement Numpad Keybinds 0 Fullscreen 2 Font 18/SmallcapsGlow Map View 76x50 Zoom Use 0% Tactical HUD 1 Map Filters NONE Filters NONE Steam 1 RUN: 9ccf2256-5718-4c3e-8b42-80156cfe1a69